 Dungeon Crawl Stone Soup version 0.30-a0-778-g2ef04afb54 (webtiles) character file.

Game seed: 15286051557146488222

2541 sanka the Cruncher (level 9, -8/61 HPs)
             Began as a Mummy Gladiator on Feb 17, 2023.
             Was a Follower of Trog.
             Mangled by an iguana (11 damage)
             ... on level 6 of the Dungeon.
             The game lasted 00:12:44 (6086 turns).

sanka the Cruncher (Mummy Gladiator)                Turns: 6086, Time: 00:12:45

Health: -8/61      AC: 12    Str: 22    XL:     9   Next: 30%
Magic:  9/9        EV:  6    Int:  7    God:    Trog [*.....]
Gold:   188        SH:  5    Dex: 13    Spells: 8/8 levels left

rFire   x . .      SeeInvis .    a - +0 quarterstaff
rCold   + . .      Faith    +    (shield currently unavailable)
rNeg    + + +      Spirit   .    o - +0 plate armour
rPois   ∞          Reflect  +    c - +0 helmet
rElec   .          Harm     .    (no cloak)
rCorr   .          Rampage  .    u - +0 pair of gloves
Will    +....                    (no boots) Stlth
                                 l - amulet of reflection
HPRegen 0.30/turn                (no ring)
MPRegen 0.11/turn                (no ring)

@: no status effects
A: cold resistance 1, negative energy resistance 3, torment resistance 2, heat
vulnerability 1, in touch with death 1, no potions, faith
a: Renounce Religion


You were on level 6 of the Dungeon.
You worshipped Trog.
Trog was aware of your devotion.
You visited 1 branch of the dungeon, and saw 6 of its levels.
You also visited: Sewer.

You collected 188 gold pieces.


Innate Abilities, Weirdness & Mutations

You are immune to poison.
Your flesh is cold resistant. (rC+)
You are immune to negative energy. (rN+++)
You are immune to unholy pain and torment.
You are vulnerable to heat. (rF-)
You are in touch with the powers of death.
You do not drink.
You have a special connection with the divine. (Faith)


   Skills:
 - Level 2.0 Fighting
 + Level 10.9 Staves
 - Level 1.5 Throwing
 - Level 2.4 Dodging


You had 8 spell levels left.
You didn't know any spells.
Your spell library contained the following spells:

 Spells                   Type           Power      Damage    Failure   Level
 Necrotise                Necr           0%         1d4       100%        1
 Sandblast                Erth           0%         2d4       100%        1
 Blink                    Tloc           0%         N/A       100%        2
 Lesser Beckoning         Tloc           0%         N/A       100%        2
 Passwall                 Tmut/Erth      0%         N/A       100%        2
 Gell's Gravitas          Tloc           0%         N/A       100%        3
 Stone Arrow              Conj/Erth      0%         3d7       100%        3
 Teleport Other           Tloc           0%         N/A       100%        3
 Vampiric Draining        Necr           0%         2d6       100%        3
 Manifold Assault         Tloc           0%         N/A       100%        4
 Petrify                  Tmut/Erth      0%         N/A       100%        4
 Agony                    Necr           0%         N/A       100%        5
 Metabolic Englaciation   Hex/Ice        0%         N/A       100%        5
 Conjure Ball Lightning   Conj/Air       0%         3x3d6     100%        6
 Discord                  Hex            0%         N/A       100%        8
 Disjunction              Tloc           0%         N/A       100%        8
 Statue Form              Tmut/Erth      Unusable   N/A       N/A         6
 Storm Form               Tmut/Air       Unusable   N/A       N/A         7

Inventory:

Hand Weapons
 a - a +0 quarterstaff (weapon)
 d - the +4 whip "Conservator" {freeze, Will+ rCorr Dex+4}

   Dex:       It affects your dexterity (+4).
   rCorr:     It protects you from acid and corrosion.
   Will:      It increases your willpower.
Missiles
 e - a javelin
 h - 39 poisoned darts (quivered)
Armour
 b - a +0 leather armour
 c - a +0 helmet (worn)
 i - a +0 chain mail
 n - a +2 leather armour of willpower
 o - a +0 plate armour (worn)
 u - a +0 pair of gloves (worn)
Jewellery
 l - an amulet of reflection (around neck)
Scrolls
 g - a scroll of fog
 j - a scroll of noise {!r}
 k - a scroll of blinking
 m - a scroll of fear
 p - a scroll of enchant armour
 q - 2 scrolls of enchant weapon
 s - a scroll of teleportation {@r4}
 t - a scroll of vulnerability {!r}

Dungeon Overview and Level Annotations

Branches:
Dungeon (6/15)             Temple (0/1) D:5           Sewer (visited)

Altars:
Trog

Shops:
D:5 =

Annotations:
D:4 1 runed translucent door, Crazy Yiuf

........†......
▒▒▒.▒▒▒▒▒
▒...<...▒
▒▒▒▒▒▒▒▒.▒▒▒▒▒.▒
.............▒
..▒▒▒▒▒▒.▒▒▒.▒
▒.▒ ▒.▒ +▒+▒ ▒.▒
▒.▒ ..... ▒.▒
▒M▒▒▒▒▒......
▒.▒
▒.l..)'......
..▒
▒▒▒▒▒▒▒......
... ..... ....
... ▒▒


You could see an iguana.


Message History

You aren't carrying any items that you can evoke.
You barely miss Maggie.
Maggie is almost dead.
You block Maggie's attack.
You closely miss Maggie.
Maggie is almost dead.
You thump Maggie!
You break out of your daze!
You kill Maggie!
Trog accepts your kill.
Trog appreciates your killing of a magic user.
The iguana attacks as you move away! The iguana barely misses you.
You sock the iguana!
The iguana is severely wounded.
The iguana bites you.
* * * LOW HITPOINT WARNING * * *
You completely miss the iguana.
The iguana is severely wounded.
The iguana closely misses you.
You hit the iguana.
The iguana is almost dead.
You hit the iguana but do no damage.
The iguana is almost dead.
The iguana bites you.
* * * LOW HITPOINT WARNING * * *
You closely miss the iguana.
The iguana is almost dead.
The iguana bites you!
You die...

Action                     |  1- 3 |  4- 6 |  7- 9 || total
---------------------------+-------+-------+-------++-------
  Melee: Quarterstaff      |   100 |   177 |   431 ||   708
  Throw: Throwing net      |       |     2 |     1 ||     3
         Dart              |       |     1 |    16 ||    17
  Evoke: Wand              |       |       |     9 ||     9
    Use: Scroll            |       |       |     8 ||     8
   Stab: Sleeping          |     2 |       |       ||     2
         Held in net/web   |       |       |     1 ||     1
 Armour: Leather armour    |    21 |       |       ||    21
         Chain mail        |       |    94 |    37 ||   131
         Plate armour      |       |       |   121 ||   121
  Dodge: Dodged            |    68 |    75 |   110 ||   253
  Block: Other             |       |    21 |    84 ||   105
         Reflection        |       |     1 |     2 ||     3

Levels and vault maps discovered:
D:1:      dpeg_arrival_lava_temple_mockup, layout_basic,
          hellmonk_ecumenical_altar_blasted, minivault_26
D:2:      layout_rooms
D:3:      layout_rooms, lightli_sewer_entry_pipes, uniq_terence, uniq_grinder
D:4:      cheibrodos_fertilizer, layout_basic, uniq_blork_the_orc,
          uniq_crazy_yiuf_cottage, uniq_eustachio
D:5:      layout_basic, trog_three_pillars_becter, lemuel_temple_firewalk_b,
          serial_shops, nicolae_lakefront_shop, nicolae_underground_beach,
          uniq_menkaure
D:6:      layout_basic, uniq_maggie

Notes
Turn   | Place    | Note
-------+----------+-------------------------------------------
     0 | D:1      | sanka the Mummy Gladiator began the quest for the Orb.
     0 | D:1      | Reached XP level 1. HP: 16/16 MP: 1/1
   157 | D:1      | Reached skill level 3 in Staves
   157 | D:1      | Reached XP level 2. HP: 22/22 MP: 2/2
   437 | D:1      | Gained mutation: You are in touch with the powers of death.
                  | [Mummy growth]
   437 | D:1      | Reached XP level 3. HP: 27/27 MP: 3/3
   535 | D:1      | Found a faded altar of an unknown god.
   853 | D:2      | Reached skill level 4 in Staves
   865 | D:2      | Reached XP level 4. HP: 22/33 MP: 4/4
  1396 | D:3      | Reached XP level 5. HP: 38/38 MP: 5/5
  1419 | D:3      | Noticed Grinder
  1437 | D:3      | Paralysed by Grinder for 3 turns
  1447 | D:3      | Killed Grinder
  1448 | D:3      | Reached skill level 6 in Staves
  1448 | D:3      | Reached XP level 6. HP: 44/44 MP: 6/6
  1754 | D:3      | Found a glowing drain.
  1762 | Sewer    | Entered a sewer
  1860 | Sewer    | Reached XP level 7. HP: 41/50 MP: 7/7
  2085 | Sewer    | Reached skill level 7 in Staves
  2722 | D:3      | Noticed Terence
  2730 | D:3      | Killed Terence
  3050 | D:4      | Reached skill level 8 in Staves
  3097 | D:4      | Reached XP level 8. HP: 56/56 MP: 8/8
  3497 | D:4      | Identified the +4 whip "Conservator" {freeze, Will+ rCorr
                  | Dex+4}
  3537 | D:4      | Noticed Eustachio
  3644 | D:4      | Killed Eustachio
  3645 | D:4      | Reached skill level 9 in Staves
  3811 | D:4      | Noticed Blork the orc
  3827 | D:4      | Killed Blork the orc
  4224 | D:4      | Found a runed translucent door.
  4225 | D:4      | Noticed Crazy Yiuf
  4321 | D:5      | Entered Level 5 of the Dungeon
  4384 | D:5      | Found a bloodstained altar of Trog.
  4429 | D:5      | Became a worshipper of Trog the Wrathful
  5095 | D:5      | Found Veeh's Jewellery Boutique.
  5248 | D:5      | Reached skill level 10 in Staves
  5399 | D:5      | Noticed Menkaure
  5407 | D:5      | Killed Menkaure
  5411 | D:5      | Noticed a hornet
  5431 | D:5      | Killed a hornet
  5432 | D:5      | Reached XP level 9. HP: 25/61 MP: 9/9
  5648 | D:5      | Found a staircase to the Ecumenical Temple.
  5678 | D:5      | Reached * piety under Trog
  6055 | D:6      | Identified +0 steam dragon scales
  6055 | D:6      | Noticed Maggie
  6074 | D:6      | HP: 6/61 [Maggie/+0 scimitar of flaming (4)]
  6078 | D:6      | Killed Maggie
  6082 | D:6      | HP: 5/61 [iguana (3)]
  6086 | D:6      | Mangled by an iguana

Vanquished Creatures
  Maggie (D:6)
  Grinder (D:3)
  A hornet (D:5)
  Eustachio (D:4)
  Menkaure (D:5)
  2 orc warriors
  An ice beast (D:6)
  5 kobold brigands (Sewer)
  Blork the orc (D:4)
  A necrophage (D:4)
  A howler monkey (D:5)
  4 hounds
  3 jellies
  A gnoll bouda (D:4)
  An orc priest (D:5)
  Terence (D:3)
  3 iguanas
  3 orc wizards
  5 gnolls (D:5)
  15 adders
  3 river rats (D:3)
  4 worms
  2 dart slugs
  11 orcs
  10 ball pythons
  21 endoplasms
  6 giant cockroaches
  8 goblins
  5 hobgoblins
  4 quokkas
  8 bats
  3 frilled lizards
  19 kobolds
  11 rats
167 creatures vanquished.

Vanquished Creatures (others)
  A gnoll sergeant (D:5)
  2 orc wizards (D:5)
  3 gnolls (D:5)
  2 orcs (D:5)
  5 fungi (D:4)
  6 toadstools (D:4)
19 creatures vanquished.

Grand Total: 186 creatures vanquished
